 Dungeon Crawl Stone Soup version 0.30-a0-613-gdd512c7efb (webtiles) character file.

Game seed: 7895617093104807578

326 wormed the Cudgeller (level 6, -4/29 (32) HPs)
             Began as a Vine Stalker Fighter on Jan 9, 2023.
             Slain by Crazy Yiuf
             ... wielding a +2 quarterstaff of chaos
              (9 damage)
             ... on level 3 of the Dungeon.
             The game lasted 00:03:19 (2650 turns).

wormed the Cudgeller (Vine Stalker Fighter)         Turns: 2650, Time: 00:03:19

HP:   -4/29 (32)    AC: 10    Str: 21    XL:     6   Next: 49%
MP:   0/2           EV: 10    Int: 12    God:
Gold: 207           SH:  6    Dex: 17    Spells: 5/5 levels left

rFire   . . .      SeeInvis .    k - +2 whip of the Jolly Demons {antimagic, *Rage Int+4 Dex+4}
rCold   . . .      Faith    .    c - +1 buckler
rNeg    . . .      Spirit   +    b - +0 scale mail
rPois   .          Reflect  .    (no helmet)
rElec   .          Harm     .    a - scarf {repulsion}
rCorr   +          Rampage  .    (no gloves)
Will    .....      Rage     20%  o - +2 pair of boots Stlth
                                 (no amulet)
HPRegen 1.04/turn                f - ring of resist corrosion
MPRegen 0.08/turn                (no ring)

@: lethally poisoned (-4 -> -5), drained, repel missiles
A: fangs 2, regeneration 1, magic shield, antimagic bite, no potion heal 2
a: no special abilities


You were on level 3 of the Dungeon.
You visited 1 branch of the dungeon, and saw 5 of its levels.

You collected 207 gold pieces.

Inventory:

Hand Weapons
 k - the +2 whip of the Jolly Demons (weapon) {antimagic, *Rage Int+4 Dex+4}
   (You found it on level 2 of the Dungeon)

   Int:       It affects your intelligence (+4).
   Dex:       It affects your dexterity (+4).
   *Rage:     It berserks you when you make melee attacks (+20% chance).
Missiles
 n - 3 poisoned darts (quivered)
Armour
 a - a scarf of repulsion (worn)
 b - a +0 scale mail (worn)
 c - a +1 buckler (worn)
 o - a +2 pair of boots (worn)
Jewellery
 f - a ring of resist corrosion (left hand)
 j - a ring of wizardry
 u - an amulet of regeneration
Scrolls
 g - 4 scrolls of identify
 h - 3 scrolls of teleportation
 l - a scroll of torment {unknown}
 m - a scroll of fog {unknown}
 p - 2 scrolls of poison {unknown}
 s - a scroll of butterflies {unknown}
Potions
 d - 3 potions of might
 e - 2 potions of curing {unknown}
 i - 4 potions of mutation {unknown}
 q - a potion of heal wounds {unknown}
 r - 2 potions of degeneration {unknown}
 t - a potion of flight {unknown}


   Skills:
 + Level 3.6 Fighting
 * Level 3.7 Maces & Flails
 + Level 3.2 Armour
 + Level 1.8 Dodging
 + Level 3.5 Shields


You had 5 spell levels left.
You didn't know any spells.
Your spell library contained the following spells:

 Spells                   Type           Power      Damage    Failure   Level
 Summon Small Mammal      Summ           0%         N/A       75%         1
 Call Canine Familiar     Summ           0%         N/A       98%         3
 Stone Arrow              Conj/Erth      0%         3d7       98%         3
 Summon Guardian Golem    Hex/Summ       0%         N/A       98%         3
 Animate Armour           Summ/Erth      0%         N/A       100%        4
 Passage of Golubria      Tloc           0%         N/A       100%        4
 Silence                  Hex/Air        0%         N/A       100%        5
 Lehudib's Crystal Spear  Conj/Erth      0%         10d2      100%        8


Dungeon Overview and Level Annotations

Branches:
Dungeon (5/15)
 Temple: D:4-7

Altars:
Wu Jian

Annotations:
D:3 Crazy Yiuf


Innate Abilities, Weirdness & Mutations

You have extremely sharp teeth.
Your natural rate of healing is unusually fast.
When hurt, damage is shared between your health and your magic reserves.
Your bite disrupts and absorbs the magic of your enemies.
Potions cannot restore your health.


Message History

There is a stone staircase leading up here.
You see here a +0 trident.
You feel yourself speed up.
There is a stone staircase leading down here.
You recover from your berserk rage.
There is a stone staircase leading down here.
There is a stone staircase leading down here.
Key pressed, stopping explore.
Crazy Yiuf shouts!
Could not explore, unopened runed door.
Could not explore, unopened runed door.
Could not explore, unopened runed door.
Could not explore, unopened runed door.
You open the door.
Crazy Yiuf drinks a potion.
Crazy Yiuf seems to speed up.
You barely miss Crazy Yiuf. You bite Crazy Yiuf, but do no damage.
Crazy Yiuf barely misses you. You block Crazy Yiuf's attack.
You barely miss Crazy Yiuf. You bite Crazy Yiuf, but do no damage.
You block Crazy Yiuf's attack.
You barely miss Crazy Yiuf.
Crazy Yiuf hits you with a +2 quarterstaff of chaos.
You feel drained.
You closely miss Crazy Yiuf.
Crazy Yiuf hits you with a +2 quarterstaff of chaos! x2
You feel drained.
* * * LOW HITPOINT WARNING * * *
You hit Crazy Yiuf. Your bite misses Crazy Yiuf.
Crazy Yiuf is moderately wounded.
Crazy Yiuf says, "Cholesterol!"
Crazy Yiuf hits you but does no damage.
You are poisoned.
You hit Crazy Yiuf.
Crazy Yiuf is heavily wounded.
You feel very sick. You block Crazy Yiuf's attack.
Crazy Yiuf barely misses you.
You barely miss Crazy Yiuf. Your bite misses Crazy Yiuf.
Crazy Yiuf is heavily wounded.
You feel sick.
Crazy Yiuf grits, "Announcement!"
Crazy Yiuf hits you with a +2 quarterstaff of chaos!
You die...

#....####......####
#....# #<#...##
♣....♣ #.#####
♣♣...♣ #.# ♣♣.♣♣
##.## ♣♣.♣
#...######## ♣.♣♣
##.###.....# ♣♣.♣
######)###.. ♣@♣♣
#....))##... #g#
#########.## ...
###### #.# #...#
#....####<# #)..#
#.........## #####
###...####..
##.........# #####
#...........
#...#####......##.#


You could see Crazy Yiuf (fast).

Vanquished Creatures
  A phantom (D:5)
  A scorpion (D:5)
  A hound (D:5)
  An iguana (D:5)
  2 river rats (D:3)
  4 adders
  2 worms (D:3)
  A dart slug (D:5)
  6 orcs (D:3)
  4 bats
  6 endoplasms
  5 giant cockroaches
  5 goblins
  2 hobgoblins (D:1)
  4 jackals (D:4)
  8 kobolds
  2 quokkas
  8 ball pythons
  3 frilled lizards (D:2)
  2 rats (D:3)
68 creatures vanquished.

Notes
Turn   | Place    | Note
-------+----------+-------------------------------------------
     0 | D:1      | wormed the Vine Stalker Fighter began the quest for the
                  | Orb.
     0 | D:1      | Reached XP level 1. HP: 11/11 MP: 2/2
   202 | D:1      | Reached XP level 2. HP: 16/16 MP: 3/3
   846 | D:2      | Found an ornate altar of the Wu Jian Council.
  1005 | D:2      | Identified the +2 whip of the Jolly Demons {antimagic,
                  | *Rage Int+4 Dex+4}
  1015 | D:2      | Reached XP level 3. HP: 19/19 MP: 4/4
  1053 | D:2      | Found a faded altar of an unknown god.
  1619 | D:3      | You fall into a shaft and drop 2 floors!
  1619 | D:5      | Entered Level 5 of the Dungeon
  1634 | D:5      | Reached skill level 1 in Dodging
  1694 | D:5      | Gained mutation: Your natural rate of healing is unusually
                  | fast. [Vine Stalker growth]
  1694 | D:5      | Reached XP level 4. HP: 15/24 MP: 1/5
  1713 | D:5      | Noticed a phantom
  1737 | D:5      | Killed a phantom
  1738 | D:5      | Reached XP level 5. HP: 28/28 MP: 2/6
  1828 | D:5      | Reached XP level 6. HP: 32/32 MP: 2/7
  2040 | D:3      | Found a runed translucent door.
  2041 | D:3      | Noticed Crazy Yiuf
  2650 | D:3      | Slain by Crazy Yiuf

Illustrated notes

Levels and vault maps discovered:
D:1:      minmay_arrival_radiant_lines, layout_basic, minmay_quantized
D:2:      layout_loops_cross, shapermc_ecumenical_altar_pompeii, basic_altar
D:3:      layout_loops_ring, portal_sewer_entry_e, kennysheep_path_1,
          uniq_crazy_yiuf_cottage
D:4:      layout_basic, tgw_sif, minmay_temple_entry_glassed_door,
          serial_forest, infiniplex_forest_straight_2,
          infiniplex_forest_clump_tiny, infiniplex_forest_3_way,
          infiniplex_forest_lined_2, infiniplex_forest_corner_1,
          infiniplex_forest_clump_double, infiniplex_forest_clump_medium,
          minmay_checkerbox, uniq_duvessa, uniq_natasha
D:5:      layout_rooms, chequers_serial_rivers_micro_e

Skill      XL: |  1  2  3  4 |
---------------+-------------+-----
Maces & Flails | 2 3 |  3.7
Fighting       | 3 |  3.6
Dodging        | 1 |  1.8
Shields        | 3 |  3.5
Armour         | 3 |  3.2

Action                   |  1- 3 |  4- 6 || total
-------------------------+-------+-------++-------
Melee: Flail             |    49 |       ||    49
       Bite              |    16 |    31 ||    47
       Whip              |    38 |   104 ||   142
  Use: Scroll            |     4 |       ||     4
Armor: Scale mail        |    45 |    33 ||    78
Dodge: Dodged            |    50 |    37 ||    87
Block: Buckler           |    20 |    29 ||    49

Table legend: (Time is in decaauts)
 A = Elapsed time spent in this place.
 B = Non-inter-level travel time spent in this place.
 C = Inter-level travel time spent in this place.
 D = Time resting spent in this place.
 E = Time spent auto-exploring this place.
 F = Levels seen in this place.
 G = Mean time per level.
                   A        B        C        D        E       F      G
               +--------+--------+--------+--------+--------+-----+--------+
         Total |   2788 |   2728 |     60 |     19 |   2121 |   5 |  557.6 |
       Dungeon |   2788 |   2728 |     60 |     19 |   2121 |   5 |  557.6 |
               +--------+--------+--------+--------+--------+-----+--------+

Top non-repeatable levels by time:
     D:3: 893 daAuts
     D:1: 798 daAuts
     D:2: 733 daAuts
     D:5: 242 daAuts
     D:4: 119 daAuts
